 Dungeon Crawl Stone Soup version 0.25-a0-246-g58704a1ebd (webtiles) character file.

Game seed: 896037914515950084, levelgen mode: classic

8283 Borgoz the Blocker (level 11, -10/72 HPs)
             Began as a Gargoyle Fighter on Dec 3, 2019.
             Was a High Priest of Okawaru.
             Mangled by a two-headed ogre
             ... wielding a +0 giant spiked club
              (25 damage)
             ... on level 10 of the Dungeon.
             The game lasted 00:19:02 (10770 turns).

Borgoz the Blocker (Gargoyle Fighter)              Turns: 10770, Time: 00:19:03

Health: -10/72     AC: 23    Str: 23    XL:     11   Next: 28%
Magic:  12/12      EV:  9    Int:  8    God:    Okawaru [*****.]
Gold:   500        SH: 12    Dex: 10    Spells: 10/10 levels left

rFire    . . .     SeeInvis +   a - +0 whip (elec)
rCold    . . .     Gourm    .   c - +0 shield
rNeg     + . .     Faith    +   b - +0 scale mail
rPois    ∞         Spirit   .   p - +2 helmet {SInv}
rElec    +         Reflect  .   w - +0 cloak (curse)
rCorr    .         Harm     .   (no gloves)
MR       .....                  i - +0 pair of boots
Stlth    ..........             e - amulet of faith
HPRegen  0.22/turn              o - ring of attention (curse)
MPRegen  0.13/turn              (no ring)

@: no status effects
A: negative energy resistance 1, electricity resistance, unbreathing,
petrification resistance, rot immunity, AC +8
a: Heroism, Finesse, Renounce Religion


You were on level 10 of the Dungeon.
You worshipped Okawaru.
Okawaru was extremely pleased with you.
You were not hungry.

You visited 2 branches of the dungeon, and saw 11 of its levels.
You also visited: Sewer.

You collected 500 gold pieces.

Inventory:

Hand Weapons
 a - a +0 whip of electrocution (weapon)
 j - a cursed +3 morningstar
 z - a +1 mace of crushing
Armour
 b - a +0 scale mail (worn)
 c - a +0 shield (worn)
 i - a +0 pair of boots (worn)
 p - a +2 helmet of see invisible (worn)
 w - a cursed +0 cloak (worn)
Jewellery
 e - an amulet of faith (around neck)
 g - an uncursed ring of see invisible
 l - an uncursed ring of ice
 m - an uncursed ring of fire
 o - a cursed ring of attention (left hand)
 v - an uncursed amulet of magic regeneration
 x - an uncursed amulet of guardian spirit
Wands
 t - a wand of enslavement (4)
Scrolls
 d - a scroll of fog
 n - 4 scrolls of teleportation
 q - a scroll of remove curse
 r - 4 scrolls of amnesia
 y - a scroll of blinking
 C - a scroll of identify
Potions
 h - 2 potions of flight
 k - 2 potions of curing
 s - a potion of cancellation
 u - 2 potions of mutation
Comestibles
 f - 16 rations
 B - 2 chunks of flesh


   Skills:
 * Level 9.9 Fighting
 * Level 8.9 Maces & Flails
 * Level 9.9 Armour
 * Level 10.0 Shields
 + Level 2.1 Invocations


You had 10 spell levels left.
You didn't know any spells.
Your spell library was empty.

Dungeon Overview and Level Annotations

Branches:
Dungeon (10/15)            Temple (1/1) D:6            Lair (0/6) D:9
  Sewer (visited)
    Orc: D:9-12

Altars:
Ashenzari
Cheibriados
Dithmenos
Elyvilon
Fedhas
Gozag
Hepliaklqana
Kikubaaqudgha
Makhleb
Nemelex Xobeh
Okawaru
Qazlal
Ru
Sif Muna
Trog
Uskayaw
Vehumet
Wu Jian
Xom
Yredelemnul
Zin
The Shining One
Jiyva

Shops:
D:4 %

Annotations:
D:6 Protee's ghost, novice GnSk


Innate Abilities, Weirdness & Mutations

You are resistant to torment.
Your stone body is resilient. (AC +8)
You are immune to poison.
You resist negative energy. (rN+)
You are resistant to electric shocks. (rElec)
You can survive without breathing.
You are immune to petrification.
You are immune to rotting.


Message History

* * * LOW HITPOINT WARNING * * *
You block the two-headed ogre's attack.
You hit the two-headed ogre.
Lightning courses through the two-headed ogre!
The two-headed ogre is moderately wounded.
You barely miss the two-headed ogre.
The two-headed ogre is moderately wounded.
You block the two-headed ogre's attack. x2
Okay, then.
You hit the two-headed ogre.
The two-headed ogre is heavily wounded.
You whack the two-headed ogre!
Lightning courses through the two-headed ogre!
The two-headed ogre is severely wounded.
The two-headed ogre closely misses you.
The two-headed ogre hits you with a +0 giant club!
* * * LOW HITPOINT WARNING * * *
You feel better.
The two-headed ogre hits you with a +0 giant spiked club!!
You die...

#.# ## #.# #.. #.# #.#
#.#### # ##.## # #...<#
.##...##.# ####.#
........# #.#
####...####
####.######.....<...#
#........##.....@O..#
#....###.##.........###
......................'.
#....###.##.##......###.
#.#....#.##.#.....#.#
#.#.##.#.##.#.#.#.#.#
.........##.#.#.#.# #
.....#.####.#.#.#.#
.._..#.# #.#)....#


You could see a two-headed ogre.

Vanquished Creatures
  A hydra (D:10)
  A two-headed ogre (D:7)
  The ghost of MisterFreud the Nimble, a novice OpAr of Cheibriados (D:8)
  A centaur zombie (D:10)
  A queen bee (D:8)
  A hornet (D:7)
  2 hippogriffs
  A slime creature (D:8)
  Sigmund (D:4)
  The ghost of sankara the Ruffian, an amateur MiTm (D:3)
  3 wargs
  Edmund (D:4)
  An orc warrior (D:6)
  An eye of draining (D:9)
  3 ice beasts
  2 sky beasts
  3 ogres
  3 phantoms
  A centaur (D:5)
  3 bullfrogs
  A big kobold (Sewer)
  A wyvern zombie (D:10)
  2 scorpions
  A water moccasin skeleton (D:10)
  24 killer bees
  4 wights (D:8)
  An electric eel (D:10)
  2 howler monkeys
  4 crimson imps (D:7)
  3 bullfrog zombies
  2 bullfrog skeletons (D:5)
  A hound (D:7)
  5 jellies
  An orc priest (D:3)
  3 centaur skeletons
  4 orc wizards
  3 iguanas
  8 worker ants
  A hound zombie (D:5)
  14 gnolls
  A howler monkey skeleton (D:7)
  7 adders
  2 river rats
  2 shadow imps
  An ooze (D:7)
  3 adder skeletons
  An adder zombie (D:9)
  A worm (D:4)
  4 dart slugs
  6 leopard geckos
  23 orcs
  2 ball pythons (D:3)
  7 bats
  10 giant cockroaches
  9 hobgoblins
  2 jackals (Sewer)
  4 quokkas
  8 frilled lizards
  6 goblins
  8 kobolds
  14 rats
238 creatures vanquished.

Notes
Turn   | Place    | Note
-------+----------+-------------------------------------------
     0 | D:1      | Borgoz the Gargoyle Fighter began the quest for the Orb.
     0 | D:1      | Reached XP level 1. HP: 14/14 MP: 1/1
   368 | D:1      | Reached XP level 2. HP: 19/19 MP: 2/2
   456 | D:1      | You fall into a shaft and drop 1 floor!
   616 | D:1      | Reached XP level 3. HP: 8/23 MP: 3/3
  1596 | D:2      | Found a hide-covered altar of Uskayaw.
  2251 | D:3      | Reached XP level 4. HP: 20/29 MP: 4/4
  2439 | D:3      | Reached skill level 4 in Shields
  2486 | D:3      | Found a glowing drain.
  2522 | Sewer    | Entered a sewer
  2529 | Sewer    | Reached XP level 5. HP: 14/33 MP: 5/5
  2739 | Sewer    | Noticed a big kobold
  2762 | Sewer    | Killed a big kobold
  2789 | Sewer    | Found a white marble altar of Elyvilon.
  3023 | D:3      | Reached XP level 6. HP: 39/39 MP: 6/6
  3186 | D:3      | Found a basalt altar of Yredelemnul.
  3396 | D:3      | Found a burning altar of Makhleb.
  3420 | D:3      | Found a runed translucent door.
  3422 | D:3      | Noticed sankara's ghost (amateur MiTm)
  3854 | D:4      | Noticed Sigmund
  3885 | D:4      | Killed Sigmund
  3885 | D:4      | Reached skill level 5 in Fighting
  3885 | D:4      | Reached skill level 5 in Armour
  3885 | D:4      | Reached skill level 5 in Shields
  3885 | D:4      | Reached XP level 7. HP: 22/44 MP: 7/7
  3945 | D:4      | Noticed Edmund
  3979 | D:4      | Killed Edmund
  4024 | D:4      | Found Zamoul's Food Emporium.
  4334 | D:5      | Entered Level 5 of the Dungeon
  4425 | D:6      | Reached XP level 8. HP: 46/51 MP: 8/8
  4449 | D:6      | Found an ancient bone altar of Kikubaaqudgha.
  4451 | D:6      | Found a shimmering altar of Xom.
  4502 | D:6      | Reached skill level 5 in Maces & Flails
  4502 | D:6      | Reached skill level 6 in Shields
  5215 | D:6      | Found a snail-covered altar of Cheibriados.
  5246 | D:6      | Noticed Protee's ghost (novice GnSk)
  5248 | D:6      | Found a runed translucent door.
  5440 | D:6      | Reached XP level 9. HP: 39/56 MP: 9/9
  5768 | D:6      | Found a staircase to the Ecumenical Temple.
  5917 | Temple   | Entered the Ecumenical Temple
  6055 | D:7      | Reached skill level 7 in Shields
  6152 | D:6      | Found a radiant altar of Vehumet.
  6568 | D:7      | Noticed a hornet
  6583 | D:7      | Killed a hornet
  6615 | D:7      | Noticed a two-headed ogre
  6625 | D:7      | Killed a two-headed ogre
  6625 | D:7      | Reached skill level 8 in Shields
  7164 | D:8      | Found a stormy altar of Qazlal.
  7183 | D:8      | Reached XP level 10. HP: 42/64 MP: 10/10
  7207 | D:8      | Found an iron altar of Okawaru.
  7449 | D:8      | Became a worshipper of Warmaster Okawaru
  7651 | D:8      | Reached * piety under Okawaru
  7969 | D:8      | Found a shadowy altar of Dithmenos.
  7997 | D:8      | Reached skill level 9 in Shields
  8032 | D:8      | Found a runed translucent gate.
  8032 | D:8      | Found a runed translucent gate.
  8032 | D:8      | Found a runed translucent gate.
  8037 | D:8      | Noticed MisterFreud's ghost (novice OpAr)
  8212 | D:8      | Found a viscous altar of Jiyva.
  8447 | D:9      | Reached ** piety under Okawaru
  8597 | D:9      | Found a staircase to the Lair.
  8931 | D:9      | Found a glowing golden altar of the Shining One.
  8931 | D:9      | Found a hazy altar of Hepliaklqana.
  9069 | D:10     | Entered Level 10 of the Dungeon
  9096 | D:10     | Noticed a two-headed ogre
  9096 | D:10     | Noticed an eight-headed hydra
  9223 | D:3      | Killed sankara's ghost
  9223 | D:3      | Reached *** piety under Okawaru
  9865 | D:8      | Killed MisterFreud's ghost
  9865 | D:8      | Reached **** piety under Okawaru
  9865 | D:8      | Reached skill level 1 in Invocations
  9865 | D:8      | Reached XP level 11. HP: 23/71 MP: 10/12
 10429 | D:10     | Found a bloodstained altar of Trog.
 10619 | D:10     | Killed an eight-headed hydra
 10619 | D:10     | Reached ***** piety under Okawaru
 10619 | D:10     | Reached skill level 10 in Shields
 10770 | D:10     | Mangled by a two-headed ogre

Levels and vault maps discovered:
D:1:      enne_arrival_octagon_isle, layout_basic
D:2:      layout_basic, eat_drink_and_be_merry_uskayaw, first_ration
D:3:      layout_loops_ring, old_standard_altar, marbit_many_paths,
          portal_sewer_entry_c, ebering_ghost_reflecting_pool,
          chequers_mini_garden
D:4:      layout_gridville, serial_shops, shop, uniq_edmund, uniq_sigmund
D:5:      layout_loops_ring
D:6:      layout_loops_ring, kennysheep_slug_shrine,
          nicolae_overflow_hidden_temple, temple_doors_ab,
          hellmonk_ghost_happy_afterlife
D:7:      layout_loops_ring
D:8:      layout_loops_cross, grunt_dithmenos_shadows,
          chequers_temple_overflow_statue_of_worship, gammafunk_ghost_ooze,
          david_nohive_1, hangedman_abyss_or_decor_passed
D:9:      layout_rooms, gammafunk_temple_overflow_statue,
          erik_lair_orcish_takeover, minmay_variable_closet
D:10:     layout_loops_corners, basic_altar, minmay_crystal_water,
          kennysheep_cluttered_room, kennysheep_generic_room_13
Temple:   eino_temple_lava

Skill      XL: |  1  2  3  4  5  6  7  8  9 10 11 |
---------------+----------------------------------+-----
Fighting       | 4 5 6 8 9 |  9.9
Armour         | 4 5 6 8 9 |  9.9
Shields        | 4 5 6 8 9 10 | 10.0
Maces & Flails | 3 4 5 7 8 |  8.9
Invocations    | 1 2 |  2.1

Action                   |  1- 3 |  4- 6 |  7- 9 | 10-12 || total
-------------------------+-------+-------+-------+-------++-------
Melee: Flail             |   137 |   283 |    63 |       ||   483
       Whip              |       |       |   359 |   688 ||  1047
Invok: Heroism           |       |       |       |     1 ||     1
  Use: Scroll            |     2 |     3 |     8 |     3 ||    16
       Potion            |       |     5 |     1 |     5 ||    11
  Eat: Chunk             |     4 |     6 |    11 |     6 ||    27
       Ration            |       |       |       |     2 ||     2
Armor: Scale mail        |    92 |   167 |   139 |   326 ||   724
Dodge: Dodged            |    50 |    84 |    82 |   167 ||   383
Block: Shield            |    87 |   186 |   169 |   320 ||   762

Table legend:
 A = Non-vault XP
 B = Vault XP
 C = Vault XP percentage of total XP
 D = Non-vault monster count
 E = Vault monster count
 F = Vault count percentage of total count
                 A         B        C        D         E       F
            +---------+---------+-------+---------+---------+-------
      Total |    7924 |    3909 |  33.0 |     186 |      52 |  21.8
            +---------+---------+-------+---------+---------+-------
        D:1 |      49 |       0 |   0.0 |      27 |       0 |   0.0
        D:2 |      39 |       0 |   0.0 |      10 |       0 |   0.0
        D:3 |     162 |     208 |  56.2 |      28 |       9 |  24.3
        D:4 |     325 |     389 |  54.5 |      16 |       2 |  11.1
        D:5 |     635 |       0 |   0.0 |      15 |       0 |   0.0
        D:6 |     704 |       4 |   0.6 |      25 |       1 |   3.8
        D:7 |    2017 |       0 |   0.0 |      22 |       0 |   0.0
        D:8 |    1146 |    2794 |  70.9 |      17 |      25 |  59.5
        D:9 |     688 |     400 |  36.8 |      12 |       5 |  29.4
       D:10 |    2159 |       0 |   0.0 |      14 |       0 |   0.0
      Sewer |       0 |     114 | 100.0 |       0 |      10 | 100.0
            +---------+---------+-------+---------+---------+-------
